 Dungeon Crawl Stone Soup version 0.27-a0-498-g7ecbb0a48f (webtiles) character file.

Game seed: 6558083748062572439

17418 siradein the Slicer (level 12, -5/78 HPs)
             Began as a Vampire Brigand on Mar 2, 2021.
             Was a High Priest of Dithmenos.
             Slain by a seven-headed hydra (7 damage)
             ... on level 2 of the Lair of Beasts.
             The game lasted 01:07:52 (12389 turns).

siradein the Slicer (Vampire Brigand)              Turns: 12389, Time: 01:07:53

Health: -5/78      AC: 19    Str: 11    XL:     12   Next: 18%
Magic:  12/12      EV:  5    Int: 14    God:    Dithmenos [*****.]
Gold:   518        SH:  0    Dex: 19    Spells: 11/11 levels left

rFire    . . .     SeeInvis +   K - +7 quarterstaff (spect)
rCold    . . .     Faith    .   (shield currently unavailable)
rNeg     + . .     Spirit   .   O - +4 chain mail
rPois    +         Reflect  .   J - +2 helmet
rElec    .         Harm     .   c - +2 cloak
rCorr    .         Rampage  .   k - +0 pair of gloves
Will     +....                  (no boots)
Stlth    ..........             o - amulet of regeneration
HPRegen  1.43/turn              b - ring of poison resistance
MPRegen  0.13/turn              g - ring of positive energy

@: lethally poisoned (-5 -> -6), regenerating quickly, wreathed by umbra
A: fangs 3, see invisible, unbreathing 1
a: Exsanguinate, Renounce Religion, Shadow Step, Shadow Form


You were on level 2 of the Lair of Beasts.
You worshipped Dithmenos.
Dithmenos was extremely pleased with you.
You visited 2 branches of the dungeon, and saw 11 of its levels.

You collected 518 gold pieces.

Inventory:

Hand Weapons
 a - the +1 short sword of the World {vorpal, rPois Will+}
   (You found it on level 7 of the Dungeon)

   It inflicts extra damage upon your enemies.
   It protects you from poison.
   It affects your willpower, your defense against some magical effects.
 l - a +2 dagger of flaming
 p - a +0 hunting sling
 K - a +7 spectral quarterstaff (weapon)
Missiles
 d - 33 poisoned darts (quivered)
 e - 2 curare-tipped darts
 q - 279 stones
 v - 93 sling bullets
 E - 7 atropa-tipped darts
Armour
 c - a +2 cloak (worn)
 i - a +0 hat of intelligence
 k - a +0 pair of gloves (worn)
 J - a +2 helmet (worn)
 O - a +4 chain mail (worn)
Jewellery
 b - a ring of poison resistance (left hand)
 g - a ring of positive energy (right hand)
 o - an amulet of regeneration (around neck)
 u - a ring of protection from fire
 y - an amulet of guardian spirit
 I - an amulet of magic regeneration
 N - an amulet of faith
Wands
 F - a wand of polymorph (10)
 H - a wand of iceblast (8)
 Q - a wand of random effects (9)
 R - a wand of acid (11)
Scrolls
 h - 4 scrolls of teleportation
 m - a scroll of magic mapping
 w - a scroll of immolation
 z - 2 scrolls of amnesia {unknown}
 C - 3 scrolls of fear
 L - a scroll of noise {unknown}
 P - a scroll of holy word {unknown}
Potions
 f - 3 potions of curing
 j - 4 potions of cancellation
 n - a potion of flight
 r - a potion of invisibility
 s - a potion of heal wounds
 t - a potion of resistance
 x - 5 potions of haste
 A - a potion of might
 B - a potion of ambrosia
 D - 2 potions of lignification
 G - a potion of berserk rage
 S - a potion of brilliance


   Skills:
 + Level 2.1 Fighting
 - Level 13.0 Short Blades
 + Level 6.4 Staves
 - Level 11.6 Throwing
 + Level 0.6 Armour
 + Level 1.7 Dodging
 + Level 6.2 Stealth
 + Level 0.8 Invocations


You had 11 spell levels left.
You didn't know any spells.
Your spell library contained the following spells:

 Spells                   Type           Power        Failure   Level
 Animate Skeleton         Necr           0%           100%        1
 Pain                     Necr           0%           100%        1
 Confusing Touch          Hex            0%           100%        3
 Gell's Gravitas          Tloc           0%           100%        3
 Ignite Poison            Fire/Tmut/Pois 0%           100%        3
 Vampiric Draining        Necr           0%           100%        3
 Animate Dead             Necr           0%           100%        4
 Petrify                  Tmut/Erth      0%           100%        4
 Agony                    Necr           0%           100%        5
 Fireball                 Conj/Fire      0%           100%        5
 Metabolic Englaciation   Hex/Ice        0%           100%        5
 Yara's Violent Unravell  Hex/Tmut       0%           100%        5
 Starburst                Conj/Fire      0%           100%        6
 Ignition                 Fire           0%           100%        8


Dungeon Overview and Level Annotations

Branches:
Dungeon (9/15)             Temple (0/1) D:7            Lair (2/6) D:9
  Snake (0/4) Lair:2
  Swamp: Lair:2-4    Shoals: Lair:2-4       Orc: D:9-12

Altars:
Ashenzari
Dithmenos
Fedhas
Nemelex Xobeh
Uskayaw
Vehumet
Wu Jian
Xom
Beogh

Shops:
D:7 !

Annotations:
Lair:1 exclusion: oklob plant


Innate Abilities, Weirdness & Mutations

Your natural rate of healing is unusually fast.
You have razor-sharp teeth.
You have supernaturally acute eyesight. (SInv)
You can survive without breathing.


Message History

Your spectral weapon shares its damage with you!
The seven-headed hydra bites your spectral weapon.
The seven-headed hydra bites your spectral weapon!
Your spectral weapon shares its damage with you!
A wolf comes into view.
The black mamba bites you.
You feel very sick.
A wolf comes into view.
You hit the black mamba but do no damage.
The black mamba is heavily wounded.
Your spectral weapon hits the black mamba!
You feel sick. The black mamba bites you!
* * * LOW HITPOINT WARNING * * *
The bullfrog hits you but does no damage.
The black mamba bites you but does no damage.
You feel sick.
The bullfrog hits you but does no damage.
A wolf comes into view.
Your chain mail prevents you from hitting the black mamba.
The black mamba is almost dead.
Your spectral weapon hits the black mamba!
You kill the black mamba!
Dithmenos accepts your kill.
You feel sick.
The bullfrog hits you but does no damage.
The sentinel's mark upon you fades away.
You feel sick.
The bullfrog hits you but does no damage.
You feel sick.
A cane toad comes into view.
You feel sick. The bullfrog hits you.
* * * LOW HITPOINT WARNING * * *
The seven-headed hydra bites you.
* * * LOW HITPOINT WARNING * * *
The seven-headed hydra bites you but does no damage.
The seven-headed hydra bites you.
* * * LOW HITPOINT WARNING * * *
The seven-headed hydra bites you but does no damage.
The seven-headed hydra bites you!
You die...

###...............#
#.##................# ##
##..................##
#.##...###.............#
##...P## #............##
#...†#####............≈#
##......#.##.........≈≈≈≈≈
#P.........P.........≈≈≈≈≈≈≈
####.........@......≈≈≈.≈.≈≈≈
#.........DFh...≈≈≈.P...≈≈
#...............≈≈.......≈≈
##............h†.≈≈...>...≈≈
#.....>..###.....≈≈.......≈≈
##^.....P# #.##.h≈≈≈.....≈≈≈
##......# #####≈.†≈≈...≈≈≈.
#......# ###F≈≈≈≈≈≈≈.#
##....## ##.≈≈≈≈≈.##


You could see a seven-headed hydra, a cane toad, 3 wolves and a bullfrog.

Vanquished Creatures
  Gastronok (D:8)
  2 hydras (Lair:1)
  Erica (D:8)
  3 two-headed ogres (D:8)
  A wizard (D:9)
  2 black mambas (Lair:2)
  6 cane toads (Lair:1)
  Joseph (D:8)
  3 komodo dragons
  The ghost of jasper the Purveyor of Pain, a novice DsNe of Kikubaaqudgha (D:4)
  9 blink frogs (Lair:1)
  Grinder (D:6)
  5 water moccasins
  2 sky beasts
  6 orc warriors
  6 ice beasts
  A black bear (D:8)
  An ogre (D:6)
  5 wolves (Lair:1)
  3 centaurs
  3 phantoms
  2 kobold brigands
  9 bullfrogs
  A gnoll sergeant (D:7)
  8 scorpions
  5 wights (D:8)
  3 howler monkeys
  A crimson imp (D:9)
  2 bullfrog zombies (D:5)
  A centaur zombie (D:8)
  3 jellies
  6 hounds
  5 orc priests
  2 bullfrog skeletons
  6 iguanas
  4 centaur skeletons
  8 orc wizards
  9 worker ants
  A killer bee zombie (D:4)
  A hound zombie (D:5)
  A hound skeleton (D:4)
  12 gnolls
  8 adders
  4 shadow imps
  A white imp (D:8)
  2 ufetubi
  2 adder zombies (D:8)
  2 adder skeletons
  2 worms
  5 dart slugs
  5 leopard geckos
  50 orcs
  A ball python (D:2)
  5 giant cockroaches
  7 hobgoblins
  4 jackals
  5 quokkas
  A ball python skeleton (D:6)
  9 bats
  7 frilled lizards
  6 goblins
  A jackal zombie (D:4)
  22 kobolds
  8 rats
310 creatures vanquished.

Vanquished Creatures (others)
  2 orc wizards
  A white imp (D:8)
  7 fungi (Lair:1)
  32 plants
42 creatures vanquished.

Grand Total: 352 creatures vanquished

Notes
Turn   | Place    | Note
-------+----------+-------------------------------------------
     0 | D:1      | siradein the Vampire Brigand began the quest for the Orb.
     0 | D:1      | Reached XP level 1. HP: 16/16 MP: 1/1
   150 | D:1      | Reached skill level 3 in Short Blades
   163 | D:1      | Reached XP level 2. HP: 22/22 MP: 2/2
   543 | D:1      | Reached XP level 3. HP: 27/27 MP: 3/3
   554 | D:1      | Reached skill level 4 in Short Blades
  1191 | D:2      | Reached XP level 4. HP: 33/33 MP: 4/4
  2726 | D:3      | Found a sparkling altar of Nemelex Xobeh.
  3032 | D:3      | Found a shadowy altar of Dithmenos.
  3032 | D:3      | Found a shimmering altar of Xom.
  3032 | D:3      | Found a radiant altar of Vehumet.
  3032 | D:3      | Found an ornate altar of the Wu Jian Council.
  3041 | D:3      | Found a hide-covered altar of Uskayaw.
  3041 | D:3      | Found a blossoming altar of Fedhas.
  3223 | D:3      | Became a worshipper of Dithmenos the Shadowed
  3280 | D:4      | Noticed a centaur
  3364 | D:4      | Identified the +2 dagger "Egg" {holy, Str+2}
  3432 | D:4      | Reached skill level 5 in Short Blades
  3432 | D:4      | Reached XP level 5. HP: 22/38 MP: 5/5
  3828 | D:4      | Reached XP level 6. HP: 34/44 MP: 6/6
  3882 | D:4      | Found a runed translucent gate.
  3883 | D:4      | Found a runed translucent gate.
  3960 | D:4      | Found a runed translucent gate.
  4007 | D:4      | Reached skill level 6 in Short Blades
  4179 | D:4      | Noticed jasper's ghost (novice DsNe)
  4788 | D:4      | Killed jasper's ghost
  4789 | D:4      | Reached skill level 7 in Short Blades
  4789 | D:4      | Reached XP level 7. HP: 28/49 MP: 7/7
  4819 | D:4      | Reached * piety under Dithmenos
  4929 | D:5      | Entered Level 5 of the Dungeon
  5072 | D:5      | Reached skill level 5 in Throwing
  5180 | D:5      | Reached XP level 8. HP: 49/55 MP: 8/8
  5196 | D:5      | Reached skill level 8 in Short Blades
  5897 | D:6      | Reached skill level 9 in Short Blades
  5987 | D:6      | Noticed Grinder
  6010 | D:6      | Paralysed by Grinder for 7 turns
  6035 | D:6      | Killed Grinder
  6035 | D:6      | Reached ** piety under Dithmenos
  6303 | D:6      | Reached XP level 9. HP: 61/61 MP: 9/9
  6810 | D:7      | Reached skill level 10 in Short Blades
  7047 | D:7      | Found Utsaub's Distillery.
  7224 | D:7      | Identified the +1 short sword of the World {vorpal, rPois
                  | Will+}
  7397 | D:7      | Found a staircase to the Ecumenical Temple.
  7624 | D:8      | Reached *** piety under Dithmenos
  7972 | D:8      | Found a blossoming altar of Fedhas.
  7995 | D:8      | Found a broken altar of Ashenzari.
  8083 | D:8      | Reached skill level 11 in Short Blades
  8228 | D:8      | Noticed Gastronok
  8312 | D:8      | Killed Gastronok
  8313 | D:8      | Reached skill level 12 in Short Blades
  8313 | D:8      | Reached XP level 10. HP: 62/67 MP: 10/10
  8396 | D:8      | Reached **** piety under Dithmenos
  8431 | D:8      | Noticed Erica
  8460 | D:8      | Killed Erica
  8910 | D:8      | Noticed Joseph
  8948 | D:8      | Killed Joseph
  9092 | D:8      | Noticed a two-headed ogre
  9133 | D:8      | Killed a two-headed ogre
  9134 | D:8      | Reached skill level 13 in Short Blades
  9134 | D:8      | Reached skill level 10 in Throwing
  9304 | D:8      | Noticed a two-headed ogre
  9348 | D:8      | HP: 3/67 [centaur/arrow (5)]
  9440 | D:8      | Noticed a two-headed ogre
  9532 | D:8      | Killed a two-headed ogre
  9533 | D:8      | Reached skill level 1 in Staves
  9533 | D:8      | Reached XP level 11. HP: 40/72 MP: 11/11
  9576 | D:8      | Killed a two-headed ogre
 10338 | D:9      | Found a staircase to the Lair.
 10650 | D:9      | Noticed a wizard
 10665 | D:9      | Killed a wizard
 10948 | D:9      | Found a roughly hewn altar of Beogh.
 11087 | Lair:1   | Entered Level 1 of the Lair of Beasts
 11154 | Lair:1   | Reached ***** piety under Dithmenos
 11403 | Lair:1   | Noticed a five-headed hydra
 11415 | Lair:1   | Killed a five-headed hydra
 11473 | Lair:1   | Reached skill level 5 in Staves
 11640 | Lair:1   | Noticed a four-headed hydra
 11647 | Lair:1   | Killed a four-headed hydra
 11825 | Lair:1   | Noticed an oklob plant
 11837 | Lair:1   | Reached XP level 12. HP: 44/78 MP: 12/12
 12339 | Lair:2   | Found a staircase to the Snake Pit.
 12376 | Lair:2   | Noticed a seven-headed hydra
 12389 | Lair:2   | HP: 2/78 [seven-headed hydra (3)]
 12389 | Lair:2   | Slain by a seven-headed hydra

Illustrated notes

Levels and vault maps discovered:
D:1:      dpeg_arrival_signposts, layout_rooms
D:2:      layout_basic
D:3:      layout_basic, minmay_overflow_temple_hex, nemelex_lonely_heart_becter
D:4:      layout_cave_pods, gammafunk_ghost_necromancy
D:5:      layout_cave_pools
D:6:      layout_gridville, uniq_grinder
D:7:      layout_loops_ring, minmay_temple_entry_fiery, serial_shops,
          kennysheep_mini_moat
D:8:      nzn_winding_woodlands_medium [nzn_winding_woodlands_5x5_closed_star,
          nzn_winding_woodlands_5x15_twine, nzn_winding_woodlands_5x5_open_star,
          nzn_winding_woodlands_5x5_cross, nzn_winding_woodlands_center_garden,
          nzn_winding_woodlands_5x5_three, nzn_winding_woodlands_5x5_perimeter,
          nzn_winding_woodlands_5x15_eye,
          nzn_winding_woodlands_5x5_checkerboard], layout_basic, basic_altar,
          serial_rivers, chequers_serial_rivers_large_a,
          chequers_serial_rivers_micro_d, chequers_serial_rivers_small_3,
          chequers_serial_rivers_small_3, fedhas_ov_isle_minmay, uniq_erica,
          uniq_gastronok, uniq_joseph
D:9:      layout_roguey [special_room_orc], lair_entry_dummy,
          lightli_wizard_tower
Lair:1:   layout_loops_ring, beast_lair_carwin_11, infiniplex_staircase_pool,
          minmay_lair_oklob_chamber
Lair:2:   layout_cave_pods, guppyfry_snake_entry_island, serial_bayou_shore_b

Skill      XL: |  1  2  3  4  5  6  7  8  9 10 11 12 |
---------------+-------------------------------------+-----
Short Blades   | 3 4 5 7 9 12 13 | 13.0
Throwing       | 2 3 4 5 6 9 10 11 | 11.6
Staves         | 1 6 |  6.4
Stealth        | 6 |  6.2
Fighting       | 2 |  2.1
Armour         | |  0.6
Dodging        | |  1.7
Invocations    | |  0.8

Action                   |  1- 3 |  4- 6 |  7- 9 | 10-12 || total
-------------------------+-------+-------+-------+-------++-------
Melee: Dagger            |   136 |   220 |    91 |    16 ||   463
       Bite              |     9 |    29 |    77 |    73 ||   188
       Rapier            |       |       |   391 |       ||   391
       Short sword       |       |       |   301 |   571 ||   872
       Quarterstaff      |       |       |       |   133 ||   133
 Fire: Hunting sling     |       |    74 |    37 |     4 ||   115
Throw: Dart              |       |     8 |    16 |    26 ||    50
Invok: Shadow Step       |       |       |       |     2 ||     2
  Use: Scroll            |       |       |    18 |     4 ||    22
       Potion            |       |       |     1 |     1 ||     2
 Stab: Sleeping          |    10 |     1 |       |       ||    11
       Distracted        |       |       |       |     1 ||     1
Armor: Robe              |    17 |       |       |       ||    17
       Leather armour    |     7 |       |       |       ||     7
       Scale mail        |    26 |    56 |       |       ||    82
       Chain mail        |       |    32 |   411 |   313 ||   756
       Plate armour      |       |       |       |     9 ||     9
Dodge: Dodged            |    74 |    68 |   146 |    98 ||   386

Table legend: (Time is in decaauts)
 A = Elapsed time spent in this place.
 B = Non-inter-level travel time spent in this place.
 C = Inter-level travel time spent in this place.
 D = Time resting spent in this place.
 E = Time spent auto-exploring this place.
 F = Levels seen in this place.
 G = Mean time per level.
                   A        B        C        D        E       F      G
               +--------+--------+--------+--------+--------+-----+--------+
         Total |  11750 |  10963 |    787 |    258 |   7116 |  11 | 1068.2 |
       Dungeon |  10444 |   9669 |    775 |     90 |   6238 |   9 | 1160.4 |
          Lair |   1306 |   1295 |     11 |    168 |    877 |   2 |  653.0 |
               +--------+--------+--------+--------+--------+-----+--------+

Top non-repeatable levels by time:
     D:8: 2030 daAuts
     D:4: 1589 daAuts
     D:2: 1249 daAuts
  Lair:1: 1202 daAuts
     D:3: 1111 daAuts
     D:1: 1063 daAuts
     D:6: 985 daAuts
     D:9: 872 daAuts
     D:7: 797 daAuts
     D:5: 744 daAuts
  Lair:2: 103 daAuts
